 Dungeon Crawl Stone Soup version 0.14.1-18-g0856e53 (webtiles) character file.

4092 ten the Protected (level 9, 52/79 HPs)
             Began as a Minotaur Fighter on June 2, 2014.
             Was a Believer of Okawaru.
             Quit the game on Level 8 of the Dungeon on June 3, 2014.
             The game lasted 00:32:59 (7388 turns).

ten the Protected (Minotaur Fighter)                Turns: 7388, Time: 00:32:59

HP  52/79        AC 16     Str 23      XL: 9   Next: 95%
MP   3/3         EV  5     Int  5      God: Okawaru [**....]
Gold 307         SH 23     Dex 11      Spells:  0 memorised,  8 levels left

rFire  + . .     SeeInvis +     u - +7,+10 spear of World's End {speed, *Rage rF+ rC++ MR+ Stlth--}
rCold  + + .     Rnd*Rage +     e - +0 plate armour
rNeg   . . .     Conserve .     c - +0 shield
rPois  .         rCorr    .     (helmet restricted)
rElec  .         rRot     .     (no cloak)
SustAb . .       Spirit   .     (no gloves)
rMut   .         Warding  .     o - +1 pair of boots {run}
Saprov . . .     Stasis   .     (no amulet)
MR     +....                    (no ring)
                                (no ring)

@: mildly poisoned, quick, somewhat resistant to hostile enchantments, extremely
unstealthy
A: retaliatory headbutt, horns 2, see invisible, low mp 1, slow metabolism 1
a: Heroism, Renounce Religion


You were on level 8 of the Dungeon.
You worshipped Okawaru.
Okawaru was pleased with you.
You were not hungry.

You visited 2 branches of the dungeon, and saw 9 of its levels.

You collected 307 gold pieces.

Inventory:

Hand weapons
 a - a +1,+1 flail
 l - a +0,+4 flail of protection
 q - a +2,+2 bow of flame
 t - a +2,+2 hand axe of venom
 u - the +7,+10 spear of World's End (weapon) {speed, *Rage rF+ rC++ MR+ Stlth--}
   (You found it on level 6 of the Dungeon)

   Attacks with this weapon are significantly faster.
   It protects you from fire.
   It greatly protects you from cold.
   It affects your resistance to hostile enchantments.
   It may make you go berserk in combat.
   It makes you much less stealthy.
Missiles
 h - 2 throwing nets (quivered)
 s - 12 arrows
Armour
 c - a +0 shield (worn)
 e - a +0 plate armour (worn)
 o - a +1 pair of boots of running (worn)
 v - the +0 robe "Okimpiwa" {Acc+4}
   (You found it on level 7 of the Dungeon)

   It affects your accuracy with ranged weapons and melee attacks (+4).
Magical devices
 b - a wand of digging (7)
 d - a wand of slowing (7)
 p - a wand of fireball (3)
 w - a wand of polymorph (10) {unknown}
Comestibles
 j - 3 bread rations
 n - 3 meat rations
Scrolls
 f - 3 scrolls of remove curse
 i - a scroll of teleportation
 m - 6 scrolls of identify
 r - a scroll of recharging
 y - a scroll of magic mapping
 A - a scroll of enchant weapon II
Jewellery
 k - an uncursed ring of ice
Potions
 x - a potion of might


   Skills:
 + Level 7.5 Fighting
 + Level 6.9 Maces & Flails
 + Level 3.4 Polearms
 + Level 9.9 Armour
 + Level 5.1 Dodging
 + Level 1.5 Stealth
 + Level 9.1 Shields


You had 8 spell levels left.
You didn't know any spells.

Dungeon Overview and Level Annotations

Branches:
Dungeon (8/15)             Temple (1/1) D:5
   Lair: D:8-11

Altars:
Ashenzari
Cheibriados
Dithmenos
Elyvilon
Fedhas
Nemelex Xobeh
Okawaru
Sif Muna
Trog
Vehumet
Xom
Yredelemnul
Zin
The Shining One

Shops:
D:4 ?


Innate Abilities, Weirdness & Mutations

You reflexively headbutt those who attack you in melee.
You have a pair of horns on your head.
You have supernaturally acute eyesight.
Your magical capacity is low (-10% MP).
You have a slow metabolism.


Message History

You hit the goliath beetle but do no damage.
You headbutt the goliath beetle.
The goliath beetle is severely wounded.
You feel sick.
You puncture the goliath beetle!
The goliath beetle is almost dead.
The goliath beetle bites you but does no damage.
You puncture the goliath beetle!
You kill the goliath beetle!
Okawaru accepts your kill.
You feel sick.
You see here a goliath beetle corpse.
You feel sick.
You feel sick.
You feel sick.
You feel sick.
You feel sick.
You feel sick.
You feel sick.
Are you sure you want to abandon this character and quit the game? (Confirm with "yes".)

.### '#####
########+### .....###
#..........# .....'.#
#..........#
.....#.####..........#
.....#....#..........#
.....####()%.........#
.....# ###..........+
.....# #.....@....#
.....# #..........#
#+#### #######+####


There were no monsters in sight!

Vanquished Creatures
  Pikel (D:6)
  Prince Ribbit (D:6)
  The ghost of namelastname112 the Grave Robber, an average DrNe of Kikubaaqudgha (D:4)
  Edmund (D:6)
  A slave (D:6)
  A sky beast (D:5)
  An orc warrior (D:7)
  An ice beast (D:8)
  2 ogres
  A phantom (D:7)
  4 centaurs
  A big kobold (D:8)
  9 giant frogs
  3 scorpions
  A yak zombie (D:5)
  4 wights (D:8)
  A goliath beetle (D:8)
  3 crimson imps
  A two-headed ogre zombie (D:6)
  3 hounds
  A jelly (D:5)
  5 orc priests
  A black bear skeleton (D:6)
  2 iguanas
  6 orc wizards
  4 worker ants
  An ogre zombie (D:6)
  4 gnolls (D:4)
  4 shadow imps
  4 adders
  3 worms
  An adder zombie (D:7)
  An iguana zombie (D:5)
  An adder skeleton (D:6)
  An orc zombie (D:6)
  2 giant eyeballs
  2 oozes
  17 orcs
  2 ball pythons
  3 giant cockroaches
  11 hobgoblins
  11 jackals
  12 kobolds
  4 quokkas
  10 bats
  3 giant geckos
  8 giant newts
  9 goblins
  A quokka zombie (D:7)
  15 rats
190 creatures vanquished.

Vanquished Creatures (others)
  A scorpion (D:6)
  An ogre skeleton (D:6)
  A bat skeleton (D:6)
  5 toadstools (D:1)
8 creatures vanquished.

Grand Total: 198 creatures vanquished

Notes
Turn   | Place    | Note
--------------------------------------------------------------
     0 | D:1      | ten, the Minotaur Fighter, began the quest for the Orb.
     0 | D:1      | Reached XP level 1. HP: 19/19 MP: 1/1
   105 | D:1      | Reached XP level 2. HP: 24/27 MP: 1/1
   234 | D:1      | Reached skill level 4 in Armour
  1037 | D:2      | Reached XP level 3. HP: 31/33 MP: 2/2
  1751 | D:3      | Found a shadowy altar of Dithmenos.
  1907 | D:3      | Noticed a centaur
  1964 | D:3      | Reached XP level 4. HP: 40/40 MP: 2/2
  2095 | D:4      | Reached skill level 1 in Dodging
  2147 | D:4      | Noticed an ogre
  2147 | D:4      | Noticed namelastname112's ghost (average DrNe)
  2160 | D:4      | Killed an ogre
  2160 | D:4      | Reached skill level 5 in Armour
  2160 | D:4      | Reached XP level 5. HP: 44/47 MP: 2/2
  2165 | D:4      | Killed namelastname112's ghost
  2165 | D:4      | Reached XP level 6. HP: 50/53 MP: 3/3
  2194 | D:4      | Found a bloodstained altar of Trog.
  2404 | D:4      | Reached skill level 5 in Shields
  2410 | D:4      | Found Yruz's Magic Scroll Emporium.
  2620 | D:4      | Reached skill level 6 in Armour
  2751 | D:5      | Entered Level 5 of the Dungeon
  2827 | D:5      | Identified a +0 pair of boots of running (You found it on level 5 of the Dungeon)
  2853 | D:5      | Found a sparkling altar of Nemelex Xobeh.
  2940 | D:5      | Reached skill level 5 in Fighting
  2940 | D:5      | Reached XP level 7. HP: 26/61 MP: 3/3
  3176 | D:5      | Found a staircase to the Ecumenical Temple.
  3195 | Temple   | Entered the Ecumenical Temple
  3371 | D:5      | Found an iron altar of Okawaru.
  3371 | D:5      | Found a shattered altar of Ashenzari.
  3372 | D:5      | Found a blossoming altar of Fedhas.
  3406 | D:5      | Became a worshipper of Warmaster Okawaru
  3638 | D:5      | Reached skill level 5 in Maces & Flails
  3732 | D:5      | Found a basalt altar of Yredelemnul.
  3746 | D:5      | Gained mutation: You have a slow metabolism. [potion of mutation]
  3746 | D:5      | Gained mutation: You have supernaturally acute eyesight. [potion of mutation]
  3746 | D:5      | Gained mutation: Your magical capacity is low (-10% MP). [potion of mutation]
  4086 | D:6      | Noticed Prince Ribbit
  4302 | D:6      | Paralysed by a giant eyeball for 2 turns
  4307 | D:6      | Paralysed by a giant eyeball for 3 turns
  4601 | D:6      | Noticed Pikel
  4671 | D:5      | Reached XP level 8. HP: 63/70 MP: 2/2
  4736 | D:6      | Reached skill level 7 in Armour
  4753 | D:6      | Got a bloodstained spear
  5238 | D:6      | Noticed Edmund
  5274 | D:6      | Killed Edmund
  5288 | D:6      | Killed Prince Ribbit
  5491 | D:6      | Identified the +7,+10 spear of World's End {speed, *Rage rF+ rC++ MR+ Stlth--} (You found it on level 6 of the Dungeon)
  5567 | D:6      | Reached skill level 8 in Armour
  5787 | D:6      | Acquired Okawaru's first power
  5805 | D:6      | Killed Pikel
  5805 | D:6      | Reached skill level 1 in Stealth
  5805 | D:6      | Reached XP level 9. HP: 57/79 MP: 3/3
  5838 | D:6      | Reached skill level 9 in Armour
  6134 | D:7      | Got a transparent robe
  6236 | D:7      | Identified the +0 robe "Okimpiwa" {Acc+4} (You found it on level 7 of the Dungeon)
  6339 | D:7      | Reached skill level 1 in Polearms
  6382 | D:7      | Found a glowing golden altar of the Shining One.
  6449 | D:7      | Paralysed by a giant eyeball for 4 turns
  6826 | D:8      | Paralysed by a potion of paralysis for 5 turns
  6906 | D:8      | Reached skill level 5 in Dodging
  7388 | D:8      | Quit the game

Action                   |  1- 3 |  4- 6 |  7- 9 || total
-------------------------+-------+-------+-------++-------
Melee: Flail             |   120 |   109 |   139 ||   368
       Spear             |       |       |   234 ||   234
Evoke: Wand              |       |     1 |       ||     1
  Use: Scroll            |     8 |     5 |     9 ||    22
       Potion            |     2 |     2 |     6 ||    10
